 Dungeon Crawl Stone Soup version 0.27-a0-931-g5a74e75d8f (webtiles) character file.

Game seed: 12795387440136746387

114 jestyr24 the Digger (level 4, -9/26 HPs)
             Began as a Gargoyle Earth Elementalist on Apr 10, 2021.
             Mangled by Sigmund
             ... wielding a +3 scythe of venom
              (11 damage)
             ... on level 2 of the Dungeon.
             The game lasted 00:14:07 (2501 turns).

jestyr24 the Digger (Gargoyle Earth Elementalist)   Turns: 2501, Time: 00:14:08

Health: -9/26      AC:  5    Str: 12    XL:     4   Next: 98%
Magic:  6/8        EV: 12    Int: 16    God:
Gold:   89         SH:  0    Dex: 10    Spells: 5/8 levels left

rFire    . . .     SeeInvis .   p - +3 dagger
rCold    . . .     Faith    .   (no shield)
rNeg     + . .     Spirit   .   c - +0 robe
rPois    ∞         Reflect  .   (no helmet)
rElec    +         Harm     .   (no cloak)
rCorr    .         Rampage  .   (no gloves)
Will     .....                  (no boots)
Stlth    ++........             (no amulet)
HPRegen  0.08/turn              (no ring)
MPRegen  0.11/turn              (no ring)

@: very slightly contaminated
A: AC +3, negative energy resistance 1, electricity resistance, torment
resistance 1, unbreathing 1, petrification resistance
a: no special abilities


You were on level 2 of the Dungeon.
You visited 1 branch of the dungeon, and saw 2 of its levels.

You collected 89 gold pieces.

Inventory:

Hand Weapons
 a - a +0 whip
 d - a +0 club
 e - a +1 dagger of speed
 g - a +0 quarterstaff
 i - a +2 dagger of distortion
 m - a +0 spear
 p - a +3 dagger (weapon)
 r - a +0 whip of venom
Missiles
 b - 58 stones
 q - a throwing net
Armour
 c - a +0 robe (worn)
 k - a +0 leather armour
Scrolls
 f - a scroll of identify {unknown}
 h - a scroll of blinking {unknown}
 t - a scroll of immolation {unknown}
Potions
 j - a potion of magic {unknown}
 l - a potion of mutation {unknown}
 n - a potion of cancellation {unknown}
 o - a potion of flight {unknown}
 s - a potion of lignification {unknown}


   Skills:
 * Level 1.9 Fighting
 + Level 2.1 Dodging
 + Level 2.6 Stealth
 + Level 2.7 Spellcasting
 + Level 0.7 Transmutations
 + Level 4.8 Earth Magic


You had 5 spell levels left.
You knew the following spells:

 Your Spells              Type           Power      Damage    Failure   Level
a - Sandblast             Erth           34%        2d9       2%          1
b - Passwall              Tmut/Erth      9%         N/A       10%         2

Your spell library contained the following spells:

 Spells                   Type           Power      Damage    Failure   Level
 Stone Arrow              Conj/Erth      18%        3d8       22%         3
 Petrify                  Tmut/Erth      11%        N/A       52%         4
 Lee's Rapid Deconstruct  Erth           8%         3d8*      58%         5


Dungeon Overview and Level Annotations

Branches:
Dungeon (2/15)

Altars:

Annotations:
D:2 Sigmund


Innate Abilities, Weirdness & Mutations

Your stone body is resilient. (AC +3)
You are immune to poison.
You resist negative energy. (rN+)
You are resistant to electric shocks. (rElec)
You are resistant to unholy torment.
You can survive without breathing.
You are immune to petrification.


Message History

Casting: Sandblast (safe; 2% risk of failure)
Confirm with . or Enter, or press ? or * to list all spells.
Aiming: Sandblast (safe; 2% risk of failure)
Press: ? - help, Shift-Dir - straight line, f/p - Sigmund
Aim: Sigmund, wielding a +3 scythe of venom, wearing a +1 robe and carrying a wand of random effects (28) (lightly wounded, 23% to evade)
The blast of sand hits Sigmund.
Sigmund is lightly wounded.
Sigmund misses you.
Casting: Sandblast (safe; 2% risk of failure)
Confirm with . or Enter, or press ? or * to list all spells.
Aiming: Sandblast (safe; 2% risk of failure)
Press: ? - help, Shift-Dir - straight line, f/p - Sigmund
Aim: Sigmund, wielding a +3 scythe of venom, wearing a +1 robe and carrying a wand of random effects (28) (lightly wounded, 23% to evade)
You miscast Sandblast.
You are very lightly contaminated with residual magic.
Nothing appears to happen.
Sigmund gestures at you while chanting.
You are confused.
You're too confused to cast spells.
Sorry, you're not good enough to have a special ability.
Unknown command.
Sigmund hits you with a +3 scythe of venom!
Ouch! That really hurt!
You closely miss Sigmund.
Sigmund is lightly wounded.
Sigmund screams, "Die, monster!"
Sigmund casts a spell at himself.
Sigmund flickers and vanishes!
Deactivating autopickup; reactivate with Ctrl-A.
You bump into the rock wall.
Something hits you!
* * * LOW HITPOINT WARNING * * *
You are too confused!
You hear some strange, mumbled words.
A puff of flame appears from out of thin air!
The puff of flame misses you.
Unknown command.
Unknown command.
You feel less confused. Something hits you!
You die...

############# #...@{..[....
#.################# #.....#
#......# #.....# #.####.###
#.....######.........
#...)).).............
#.....#####.#.###.###
#.##<#.............<. ##
########.##.#.####.#.###.#..


There were no monsters in sight!

Vanquished Creatures
  An adder (D:2)
  4 gnolls
  2 worms (D:2)
  3 dart slugs
  2 endoplasms
  5 giant cockroaches
  6 goblins
  5 hobgoblins
  2 quokkas
  4 ball pythons
  5 bats
  3 frilled lizards (D:1)
  8 kobolds
  5 rats
55 creatures vanquished.

Notes
Turn   | Place    | Note
-------+----------+-------------------------------------------
     0 | D:1      | jestyr24 the Gargoyle Earth Elementalist began the quest
                  | for the Orb.
     0 | D:1      | Reached XP level 1. HP: 10/10 MP: 3/3
    66 | D:1      | Reached skill level 4 in Earth Magic
   222 | D:1      | Reached XP level 2. HP: 15/15 MP: 3/5
   264 | D:1      | Upgraded the game from 0.27-a0-920-gb2bd10914a to
                  | 0.27-a0-931-g5a74e75d8f
   751 | D:1      | Reached XP level 3. HP: 19/20 MP: 6/6
   766 | D:1      | Reached skill level 1 in Fighting
  1465 | D:2      | Reached XP level 4. HP: 17/25 MP: 3/7
  1533 | D:2      | Learned a level 2 spell: Passwall
  1578 | D:2      | Noticed Sigmund
  2501 | D:2      | Mangled by Sigmund

Illustrated notes

Levels and vault maps discovered:
D:1:      wheals_arrival_linesprint, layout_rooms
D:2:      layout_basic, minmay_vboxes, uniq_sigmund

Skill      XL: |  1  2  3 |
---------------+----------+-----
Earth Magic    | 4 |  4.8
Fighting       | 1 |  1.9
Dodging        | 2 |  2.1
Stealth        | |  2.6
Spellcasting   | |  2.7
Transmutations | |  0.7

Action                   |  1- 3 |  4- 6 || total
-------------------------+-------+-------++-------
Melee: Whip              |    11 |       ||    11
       Unarmed           |     7 |       ||     7
       Quarterstaff      |    60 |    22 ||    82
       Dagger            |       |    27 ||    27
 Cast: Sandblast         |    17 |    18 ||    35
 Stab: Sleeping          |     2 |       ||     2
Armor: Robe              |    33 |    20 ||    53
Dodge: Dodged            |    66 |    27 ||    93

Table legend: (Time is in decaauts)
 A = Elapsed time spent in this place.
 B = Non-inter-level travel time spent in this place.
 C = Inter-level travel time spent in this place.
 D = Time resting spent in this place.
 E = Time spent auto-exploring this place.
 F = Levels seen in this place.
 G = Mean time per level.
                   A        B        C        D        E       F      G
               +--------+--------+--------+--------+--------+-----+--------+
         Total |   2525 |   2445 |     80 |    470 |   1254 |   2 | 1262.5 |
       Dungeon |   2525 |   2445 |     80 |    470 |   1254 |   2 | 1262.5 |
               +--------+--------+--------+--------+--------+-----+--------+

Top non-repeatable levels by time:
     D:1: 1392 daAuts
     D:2: 1132 daAuts
